 Dungeon Crawl Stone Soup version 0.23.2-33-g5129a83184 (webtiles) character file.

Game seed: 9597918637636019623

5330 Felnil the Fighter (level 10, -2/82 HPs)
             Began as a Mummy Fighter on Aug 5, 2019.
             Was a Follower of Ru.
             Slain by a wolf (3 damage)
             ... led by Grum
             ... on level 9 of the Dungeon.
             The game lasted 00:51:53 (8469 turns).

Felnil the Fighter (Mummy Fighter)                  Turns: 8469, Time: 00:51:53

Health: -2/82      AC: 14    Str: 21    XL:     10   Next: 38%
Magic:  10/10      EV:  9    Int:  5    God:    Ru [*.....]
Gold:   457        SH:  7    Dex: 16    Spells: 9/9 levels left

rFire    x . .     SeeInvis .   a - +1 war axe
rCold    + . .     Gourm    .   o - +1 buckler {AC+3}
rNeg     + + +     Faith    .   u - +4 scale mail of Muelud {+Inv MR+ Dex+2}
rPois    ∞         Spirit   .   (no helmet)
rElec    .         Reflect  .   i - scarf {cloud immunity}
rCorr    .         Harm     .   (no gloves)
MR       ++...                  (no boots)
Stlth    ..........             m - amulet of regeneration
HPRegen  0.63/turn              n - ring of wizardry
MPRegen  0.12/turn              (no ring)

@: no scrolls
A: no food or potions, fire vulnerability, cold resistance 1, dopey 1, negative
energy resistance 3, torment resistance, unbreathing, inability to read while
threatened
a: Renounce Religion, Evoke Invisibility


You were on level 9 of the Dungeon.
You worshipped Ru.
Ru was aware of your devotion.
You were not hungry.

You visited 2 branches of the dungeon, and saw 10 of its levels.

You collected 457 gold pieces.

Inventory:

Hand Weapons
 a - a +1 war axe (weapon)
Armour
 b - a +3 scale mail
 c - a +0 shield
 i - a scarf of cloud immunity (worn)
 k - +0 swamp dragon scales
 o - a +1 buckler of protection (worn)
 q - a +0 plate armour
 u - the +4 scale mail of Muelud (worn) {+Inv MR+ Dex+2}
   (You found it on level 7 of the Dungeon)

   It affects your dexterity (+2).
   It affects your resistance to hostile enchantments.
   It lets you turn invisible.
Jewellery
 d - an uncursed amulet of the acrobat
 m - an amulet of regeneration (around neck)
 n - a ring of wizardry (left hand)
Wands
 e - a wand of flame (8)
 j - a wand of random effects (43)
 r - a wand of disintegration (4)
 v - a wand of paralysis (16)
Scrolls
 f - 2 scrolls of magic mapping
 g - 6 scrolls of identify
 h - 4 scrolls of teleportation
 l - 5 scrolls of remove curse
 s - a scroll of blinking
 t - a scroll of fear


   Skills:
 + Level 8.4 Fighting
 + Level 6.7 Axes
 + Level 6.9 Armour
 + Level 7.0 Shields


You had 9 spell levels left.
You didn't know any spells.
Your spell library contained the following spells:

 Spells                   Type           Power        Failure   Level  Hunger
 Confusing Touch          Hex            #.....       45%         1    N/A
 Confuse                  Hex            #.......     80%         3    N/A
 Gell's Gravitas          Tloc           #.........   80%         3    N/A
 Petrify                  Tmut/Erth      #.......     99%         4    N/A
 Metabolic Englaciation   Hex/Ice        #.........   100%        5    N/A
 Yara's Violent Unravell  Hex/Tmut       #.........   100%        5    N/A

Dungeon Overview and Level Annotations

Branches:
Dungeon (9/15)             Temple (1/1) D:4
   Lair: D:8-11         Orc: D:9-12

Altars:
Ashenzari
Cheibriados
Dithmenos
Elyvilon
Fedhas
Gozag
Kikubaaqudgha
Makhleb
Nemelex Xobeh
Okawaru
Qazlal
Ru
Sif Muna
Trog
Uskayaw
Vehumet
Wu Jian
Xom
Yredelemnul
Zin
The Shining One

Shops:
D:5 [

Annotations:
D:9 Grum


Innate Abilities, Weirdness & Mutations

You do not eat or drink.
Your flesh is vulnerable to fire.
You are immune to poison.
Your flesh is cold resistant. (rC+)
You are dopey. (Int -2)
You are immune to negative energy. (rN+++)
You are immune to unholy pain and torment.
You can survive without breathing.
You cannot read scrolls while threatened.


Message History

Grum hits you from afar with a -2 halberd of freezing!
* * * LOW HITPOINT WARNING * * *
Grum freezes you.
* * * LOW HITPOINT WARNING * * *
The wolf bites you but does no damage. The wolf barely misses you.
You can't drink.
Aiming: Disintegrate
Press: ? - help, Shift-Dir - straight line, f - wolf
Aim: a wolf (chance to defeat MR: 65%)
The wolf is blasted!!
You block the wolf's attack. x2
Grum hits you from afar with a -2 halberd of freezing!
* * * LOW HITPOINT WARNING * * *
Grum freezes you.
* * * LOW HITPOINT WARNING * * *
The wolf bites you but does no damage.
Aiming: Random Effects
Press: ? - help, Shift-Dir - straight line, f/p - wolf
Aim: a wolf (almost dead)
The wolf appears confused.
The wolf bites you.
You die...

#...#..........#
##............######
#....##..%##...#...
#....#......%......
##.........)........
#.......)..)....###.
##...g............#..
##..hh#...............
#...†@###.#.##........
###....#######.....#.#
#....# ###..##..
##...# #.###.. #####
### ##. . . #


You could see Grum and 2 wolves.

Vanquished Creatures
  Joseph (D:8)
  Psyche (D:8)
  Prince Ribbit (D:7)
  2 hippogriffs
  Sigmund (D:4)
  3 vampire mosquitoes (D:8)
  A water moccasin (D:6)
  Duvessa (D:7)
  2 orc warriors (D:9)
  3 ice beasts (D:8)
  A phantom (D:4)
  A necrophage (D:7)
  3 ogres
  A wolf (D:9)
  3 centaurs
  A big kobold (D:9)
  5 bullfrogs
  Blork the orc (D:5)
  A wyvern zombie (D:9)
  Dowan (D:7)
  3 scorpions
  5 killer bees (D:9)
  3 crimson imps
  4 hounds
  6 orc wizards
  5 orc priests
  A gnoll shaman (D:8)
  2 jellies
  An iguana (D:4)
  Natasha (thrice) (D:2)
  8 worker ants
  A hound zombie (D:6)
  16 adders
  9 gnolls
  2 shadow imps
  2 oozes
  An adder skeleton (D:6)
  6 worms
  3 dart slugs
  5 leopard geckos
  26 orcs
  7 bats
  2 giant cockroaches
  11 goblins
  8 hobgoblins
  6 jackals
  11 kobolds
  4 quokkas
  A ball python (D:1)
  4 frilled lizards
  9 rats
  A bush (Temple)
  A plant (Temple)
211 creatures vanquished.

Vanquished Creatures (collateral kills)
  An orc wizard (D:7)
  An orc (D:7)
2 creatures vanquished.

Vanquished Creatures (others)
  An orc wizard (D:7)
  An orc (D:7)
  A bush (D:3)
3 creatures vanquished.

Grand Total: 216 creatures vanquished

Notes
Turn   | Place    | Note
-------+----------+-------------------------------------------
     0 | D:1      | Felnil the Mummy Fighter began the quest for the Orb.
     0 | D:1      | Reached XP level 1. HP: 18/18 MP: 1/1
   126 | D:1      | Reached XP level 2. HP: 17/24 MP: 2/2
   614 | D:2      | Reached XP level 3. HP: 29/29 MP: 3/3
   638 | D:2      | HP: 1/29 [adder (2)]
   652 | D:2      | Noticed Natasha
   958 | D:2      | Killed Natasha
   958 | D:2      | Reached XP level 4. HP: 19/35 MP: 4/4
  1669 | D:2      | Found a burning altar of Makhleb.
  1740 | D:2      | Reached XP level 5. HP: 42/42 MP: 5/5
  1769 | D:2      | Noticed Natasha
  1771 | D:2      | Killed Natasha
  2006 | D:3      | Reached skill level 4 in Fighting
  2071 | D:2      | Noticed Natasha
  2081 | D:2      | HP: 1/42 [Natasha (7)]
  2083 | D:2      | Killed Natasha
  2427 | D:3      | Reached XP level 6. HP: 44/48 MP: 6/6
  2628 | D:3      | Found a faded altar of an unknown god.
  2707 | D:3      | Found a stormy altar of Qazlal.
  2707 | D:3      | Found an ornate altar of the Wu Jian Council.
  2857 | D:3      | Found a bloodstained altar of Trog.
  3093 | D:4      | Noticed Sigmund
  3350 | D:4      | Reached XP level 7. HP: 50/55 MP: 7/7
  3374 | D:4      | Found a staircase to the Ecumenical Temple.
  3396 | Temple   | Entered the Ecumenical Temple
  3488 | Temple   | Became a worshipper of Ru the Awakened
  3786 | D:4      | Killed Sigmund
  3786 | D:4      | Reached skill level 5 in Fighting
  3958 | D:5      | Entered Level 5 of the Dungeon
  3958 | D:5      | Found a radiant altar of Vehumet.
  3986 | D:5      | Noticed Blork the orc
  4001 | D:5      | Killed Blork the orc
  4106 | D:5      | Reached XP level 8. HP: 13/63 MP: 8/8
  4528 | D:5      | Found Ateem's Armour Shoppe.
  4565 | D:5      | Found an ancient bone altar of Kikubaaqudgha.
  4774 | D:5      | Found a snail-covered altar of Cheibriados.
  4774 | D:5      | Found a deep blue altar of Sif Muna.
  4818 | D:5      | Found a shadowy altar of Dithmenos.
  4819 | D:5      | Found a blossoming altar of Fedhas.
  5017 | D:6      | Found a sparkling altar of Nemelex Xobeh.
  5023 | D:6      | Gained mutation: You cannot read scrolls while threatened.
                  | [Ru sacrifice]
  5023 | D:6      | Reached * piety under Ru
  5083 | D:6      | Reached skill level 6 in Fighting
  5083 | D:6      | Reached skill level 5 in Shields
  5189 | D:6      | Reached skill level 5 in Armour
  5441 | D:6      | Found a shimmering altar of Xom.
  5442 | D:6      | Found a shimmering altar of Xom.
  5442 | D:6      | Found a shimmering altar of Xom.
  5600 | D:6      | Reached skill level 5 in Axes
  5683 | D:6      | Found a shimmering altar of Xom.
  6082 | D:7      | Noticed a hippogriff
  6084 | D:7      | Noticed Prince Ribbit
  6099 | D:6      | Killed a hippogriff
  6099 | D:6      | Reached XP level 9. HP: 30/71 MP: 9/9
  6207 | D:7      | Noticed Duvessa
  6207 | D:7      | Noticed Dowan
  6217 | D:7      | Killed Duvessa
  6224 | D:7      | Killed Dowan
  6292 | D:7      | Reached skill level 7 in Fighting
  6555 | D:7      | Killed Prince Ribbit
  6798 | D:7      | Gained mutation: You are dopey. (Int -2) [Ru sacrifice]
  7206 | D:7      | Got a faintly glowing scale mail
  7217 | D:7      | Identified the +4 scale mail of Muelud {+Inv MR+ Dex+2}
                  | (You found it on level 7 of the Dungeon)
  7444 | D:8      | Noticed Joseph
  7474 | D:8      | Killed Joseph
  7595 | D:8      | Noticed Psyche
  7612 | D:8      | Killed Psyche
  7612 | D:8      | Reached XP level 10. HP: 59/80 MP: 10/10
  7783 | D:8      | Reached skill level 8 in Fighting
  8042 | D:9      | Noticed a two-headed ogre
  8435 | D:9      | Noticed Grum
  8468 | D:9      | HP: 2/82 [Grum/-2 halberd of freezing (8)]
  8469 | D:9      | Slain by a wolf

Skill      XL: |  1  2  3  4  5  6  7  8  9 10 |
---------------+-------------------------------+-----
Axes           | 2 3 4 5 6 |  6.7
Shields        | 3 4 5 6 7 |  7.0
Armour         | 3 4 5 6 |  6.9
Fighting       | 4 5 6 7 8 |  8.4

Action                   |  1- 3 |  4- 6 |  7- 9 | 10-12 || total
-------------------------+-------+-------+-------+-------++-------
Melee: War axe           |    77 |   301 |   465 |   120 ||   963
Invok: Sacrifice Words   |       |       |     1 |       ||     1
       Sacrifice Purity  |       |       |     1 |       ||     1
Evoke: Wand              |       |     7 |    21 |     4 ||    32
  Use: Scroll            |     4 |     6 |     4 |       ||    14
 Stab: Distracted        |       |       |     1 |     1 ||     2
Armor: Scale mail        |    37 |    82 |    53 |    90 ||   262
       Swamp dragon scal |       |    52 |    14 |       ||    66
       Plate armour      |       |       |   146 |       ||   146
Dodge: Dodged            |    38 |   112 |   115 |    84 ||   349
Block: Shield            |    48 |   195 |   106 |       ||   349
       Buckler           |       |       |    75 |    83 ||   158
